 Dungeon Crawl Stone Soup version 0.26-a0-651-gb41185065b (webtiles) character file.

Game seed: 712805909639185111

351946 Flugslaktarn the Peltast (level 20, -1/206 HPs)
             Began as a Deep Dwarf Fighter on Oct 11, 2020.
             Was the Champion of Makhleb.
             Splashed by Itoha the pandemonium lord's acid (9 damage)
             ... on level 5 of the Depths.
             The game lasted 00:20:34 (20305 turns).

Flugslaktarn the Peltast (Deep Dwarf Fighter)      Turns: 20305, Time: 00:20:34

Health: -1/206     AC: 38    Str: 24    XL:     20   Next: 95%
Magic:  0/6        EV: 13    Int: 11    God:    Makhleb [******]
Gold:   251        SH: 33    Dex: 15    Spells: 19/19 levels left

rFire    + . .     SeeInvis +   b - +9 broad axe of Usalacen {freeze, *Drain +Fly Str+2}
rCold    + . .     Faith    .   u - +2 tower shield {AC+3}
rNeg     + . .     Spirit   +   d - +2 gold dragon scales
rPois    +         Reflect  .   i - +2 helmet {SInv}
rElec    .         Harm     .   B - +0 cloak
rCorr    .         Rampage  .   y - +2 pair of gloves
MR       +++..                  e - +2 pair of boots
Stlth    ..........             f - brooch of Shielding {Spirit SH+8}
HPRegen  0.00/turn              v - +4 ring of evasion
MPRegen  0.10/turn              p - +4 ring of protection

@: corroded, non-regenerating, lightly drained
A: damage resistance, heal wounds, hooves 1, see invisible, negative energy
resistance 1, sense surroundings 3, weak 1, subdued magic 1, no regeneration
0: Orb of Zot
}: 3/15 runes: serpentine, barnacled, abyssal
a: Heal Wounds, Minor Destruction, Lesser Servant of Makhleb, Major Destruction,
Greater Servant of Makhleb, Renounce Religion, Evoke Flight


You were on level 5 of the Depths.
You worshipped Makhleb.
Makhleb was exalted by your worship.
You visited 6 branches of the dungeon, and saw 36 of its levels.
You visited the Abyss 1 time.
You visited 1 bazaar.
You also visited: Bailey.

You collected 1751 gold pieces.
You spent 1500 gold pieces at shops.

Inventory:

Hand Weapons
 b - the +9 broad axe of Usalacen (weapon) {freeze, *Drain +Fly Str+2}
   (You bought it in a shop on level 2 of the Snake Pit)

   It has been specially enchanted to freeze those struck by it, causing extra
   injury to most foes and up to half again as much damage against particularly
   susceptible opponents.
   It can also slow down cold-blooded creatures.
   It affects your strength (+2).
   It lets you fly.
   It causes draining when unequipped.
 I - a +5 broad axe
   (You found it on level 14 of the Dungeon)
Missiles
 a - 3 throwing nets (quivered)
Armour
 d - +2 gold dragon scales (worn)
   (You found it on level 4 of the Depths)
 e - a +2 pair of boots (worn)
   (You found it on level 12 of the Dungeon)
 i - a +2 helmet of see invisible (worn)
   (You found it on level 8 of the Dungeon)
 u - a +2 tower shield of protection (worn)
   (You found it in a bailey)
 y - a +2 pair of gloves (worn)
   (You found it on level 9 of the Dungeon)
 B - a +0 cloak (worn)
   (You found it on level 7 of the Dungeon)
Jewellery
 c - an uncursed ring of protection from cold
   (You found it on level 7 of the Dungeon)
 f - the brooch of Shielding (around neck) {Spirit SH+8}
   (You found it on level 9 of the Dungeon)

   [amulet of guardian spirit]

   It causes incoming damage to be split between your health and magic.
   It affects your SH (+8).
 m - an uncursed ring of protection from magic
   (You found it on level 2 of the Snake Pit)
 p - a +4 ring of protection (right hand)
   (You found it on level 13 of the Dungeon)
 v - a +4 ring of evasion (left hand)
   (You found it on level 2 of the Snake Pit)
Wands
 g - a wand of digging (10)
   (You found it on level 5 of the Dungeon)
 o - a wand of iceblast (10)
   (You found it on level 9 of the Dungeon)
 A - a wand of paralysis (11)
   (You found it on level 2 of the Depths)
Scrolls
 j - 5 scrolls of immolation
 r - 8 scrolls of identify
 s - 13 scrolls of fear
 t - 3 scrolls of teleportation
 x - 12 scrolls of remove curse
Potions
 k - 4 potions of lignification
 q - 4 potions of curing
 w - a potion of heal wounds
 E - a potion of mutation
 G - 3 potions of flight
 H - 2 potions of berserk rage
Miscellaneous
 C - a tin of tremorstones (3/3)
   (You found it on level 5 of the Depths)
 F - a condenser vane (2/2)
   (You found it on level 11 of the Dungeon)


   Skills:
 * Level 18.7(18.0) Fighting
 - Level 18.0(17.3) Axes
 + Level 16.1(15.5) Armour
 - Level 11.0(10.4) Dodging
 + Level 19.9(19.2) Shields
 - Level 15.0(14.3) Invocations
 - Level 10.0(9.4) Evocations


You had 19 spell levels left.
You didn't know any spells.
Your spell library was empty.

Dungeon Overview and Level Annotations

Branches:
Dungeon (15/15)            Temple (0/1) D:6            Lair (3/6) D:8
 Shoals (4/4) Lair:3        Snake (4/4) Lair:3          Orc (0/2) D:10
 Vaults (0/5) D:13         Depths (5/5) D:15            Zot (5/5) Depths:5
 Bailey (visited)

Altars:
Cheibriados
Hepliaklqana
Makhleb
Nemelex Xobeh
Qazlal
Vehumet
Zin

Shops:
Snake:1 [}   Snake:2 [(}

Portals:
Hell: Depths:3 Depths:4
Abyss: Depths:3
Pandemonium: Depths:3 Depths:4
Ziggurat: Depths:5

Annotations:
D:12 exclusions: ice statue and obsidian statue
Lair:1 1 runed translucent door, qborf's ghost, journeyman OpCj
Lair:3 3 runed translucent doors, Bathrag's ghost, journeyman DsWn; Wuut Fui's ghost, journeyman DECj
Shoals:3 1 runed translucent door
Snake:3 1 runed translucent door


Innate Abilities, Weirdness & Mutations

You are resistant to damage.
You can heal yourself by infusing magical energy.
You resist negative energy. (rN+)
You passively map a large area around you.
You do not regenerate.
You have large cloven feet.
You have supernaturally acute eyesight. (SInv)
You are weak. (Str -2)
Your spells are a little easier to cast, but a little less powerful.


Message History

Itoha gestures at you.
Itoha conjures a mighty blast of ice!
The great icy blast engulfs you!! You partially resist.
You are encased in ice.
You are engulfed in freezing vapours.
You resist.
* * * LOW HITPOINT WARNING * * *
Itoha gestures at you.
Itoha conjures a mighty blast of ice!
The great icy blast engulfs the soul eater!!
The soul eater partially resists.
The soul eater is flash-frozen.
The great icy blast engulfs you!!! You partially resist.
* * * LOW HITPOINT WARNING * * *
The soul eater is engulfed in freezing vapours.
You are engulfed in freezing vapours.
You resist. The ice encasing you melts away. Itoha gestures at you.
The bolt of acid hits you!
* * * LOW HITPOINT WARNING * * *
You are splashed with acid!
You die...

#(...<.....^..##.))##.#####..#§..
.....÷(......^.##)..#........##..
.....).(........##'##$.....#..#.§
.......(...........####....#...§.
.......(........(...###.......≈≈.
.....................##......§.≈.
.......÷.........&...##.#........
................§§§§§#..##..$....
...............§@3≈§○§#.##.......
..............§§§○§§○§○§.........
.......#.....§§§§☼§§§§☼§........
.......#####§§§§§##○☼§○°........,
......## ##§§°°###○○.○........
......# #....##..............
....)†# ##....#..............
∩..)).# ..................^.
.....)## #...§§...≈≈..........


You could see Itoha and a soul eater (frozen).

Vanquished Creatures
  2 orbs of fire (Zot:5)
  2 ancient liches (Zot:5)
  Mara (Shoals:3)
  5 Killer Klowns
  2 curse toes
  5 caustic shrikes (Depths:5)
  3 golden dragons
  Nikola (Shoals:1)
  2 bone dragons (Depths:5)
  A lich (Depths:4)
  A Hell Sentinel (Abyss:3)
  21 Orb Guardians (Zot:5)
  An electric golem (Zot:5)
  2 tentacled monstrosities
  A quicksilver dragon (Zot:2)
  3 death cobs
  2 Executioners (Abyss:3)
  A sphinx (Depths:5)
  A tentacled starspawn (Abyss:3)
  Kirke (Shoals:1)
  4 shadow dragons
  3 tengu reavers
  2 storm dragons
  4 nagarajas
  2 draconian monks (Zot:4)
  3 draconian knights
  Ilsuiw (Shoals:2)
  3 draconian scorchers
  2 frost giants
  2 fire giants
  A deep elf elementalist (Depths:4)
  A ghost moth (Zot:3)
  5 draconian shifters
  A draconian annihilator (Zot:4)
  A cacodemon (Zot:4)
  Louise (Depths:4)
  2 reapers
  An ironheart preserver (D:13)
  6 very ugly things
  3 stone giants
  3 green draconians
  A deep elf annihilator (D:12)
  5 black draconians
  Azrael (D:14)
  5 purple draconians
  2 red draconians
  3 white draconians
  A yellow draconian (Zot:4)
  2 merfolk javelineers
  6 ettins
  2 fire dragons
  8 merfolk impalers
  A great orb of eyes (Depths:5)
  3 ogre magi
  Erolcha (D:13)
  A yaktaur captain (Depths:5)
  A rakshasa (Depths:2)
  A spriggan air mage (Depths:4)
  2 ice dragons
  6 naga warriors
  8 centaur warriors
  2 hydras
  A catoblepas (D:14)
  2 anacondas
  2 merfolk aquamancers (Shoals:4)
  2 merfolk avatars
  3 alligator snapping turtles
  5 deep troll shamans
  5 tengu warriors
  5 two-headed ogres
  7 deep troll earth magi
  5 naga sharpshooters
  A vampire mage (Depths:3)
  6 shock serpents
  7 spriggan berserkers
  Nergalle (D:11)
  A salamander mystic (Snake:3)
  A sun demon (Depths:5)
  An unseen horror (D:12)
  3 iron trolls (Depths:4)
  A sixfirhy (Zot:4)
  8 sea snakes
  3 skeletal warriors (D:11)
  3 naga ritualists
  A kraken simulacrum (Shoals:4)
  10 deep trolls
  2 flayed ghosts (Depths:5)
  A glowing orange brain (Depths:4)
  2 wizards
  A harpy (shapeshifter) (D:13)
  4 necromancers
  6 harpies
  A phantasmal warrior (Abyss:1)
  2 orc knights
  4 draconians (Abyss:3)
  5 mana vipers
  3 fauns (Shoals:3)
  A wolf spider (D:11)
  5 cyclopes
  2 large abominations (Abyss:3)
  A manticore (shapeshifter) (Depths:2)
  9 manticores
  9 moths of wrath
  A black mamba (shapeshifter) (D:14)
  3 salamanders (Snake:3)
  4 centaur zombies
  11 ugly things
  10 merfolk sirens
  A worldbinder (Abyss:3)
  Maurice (D:10)
  4 guardian serpents
  12 naga magi
  An apocalypse crab (Abyss:3)
  15 black mambas
  A gargoyle (D:13)
  A rust devil (Depths:4)
  A cane toad (shapeshifter) (Depths:3)
  3 smoke demons
  A cane toad (Lair:3)
  2 orange demons
  4 water nymphs
  2 hellions
  2 komodo dragons
  A kobold demonologist (D:14)
  5 yaktaurs
  An efreet (D:13)
  7 trolls
  2 hellwings (Abyss:3)
  A red devil (Depths:4)
  An ancient zyme (Abyss:3)
  3 tengu conjurers
  A polar bear (shapeshifter) (Depths:2)
  A jumping spider (shapeshifter) (D:15)
  A polar bear (Lair:3)
  3 meliai (D:14)
  17 merfolk
  A wolf spider simulacrum (D:15)
  2 blink frogs (shapeshifter)
  5 wind drakes
  6 hornets
  6 snapping turtles
  4 dream sheep (Shoals:4)
  A raiju (Abyss:3)
  9 hippogriffs
  A hippogriff (shapeshifter) (Depths:2)
  3 blink frogs (Lair:1)
  10 slime creatures
  3 wraiths
  A spriggan (shapeshifter) (D:15)
  11 water elementals
  3 fire elementals (D:14)
  7 wyverns
  A hog (Shoals:1)
  12 yaks
  6 spriggans
  A human (Shoals:1)
  2 ynoxinuls
  2 chaos spawn
  A vampire mosquito (D:8)
  A steam dragon (D:9)
  A neqoxec (Abyss:2)
  Menkaure (D:4)
  2 wargs (D:10)
  37 nagas
  A soldier ant (D:12)
  3 acid dragons
  4 water moccasins
  3 porcupines (Lair:3)
  Duvessa (D:7)
  2 ice beasts
  A swamp drake (D:8)
  A hornet zombie (D:15)
  14 orc warriors
  7 sky beasts
  An ogre (shapeshifter) (Depths:3)
  A necrophage (D:12)
  5 phantoms
  6 boggarts
  A black bear (D:12)
  15 ogres
  4 eyes of draining
  10 centaurs
  6 crocodiles
  3 big kobolds
  9 bullfrogs
  A wyvern skeleton (D:6)
  Dowan (D:7)
  9 scorpions
  4 killer bees (D:13)
  5 wights (D:10)
  4 howler monkeys
  4 electric eels (D:11)
  A small abomination (Abyss:3)
  3 quasits
  13 hounds
  2 jellies
  14 orc priests
  Ijyb (D:4)
  2 iron imps (Depths:4)
  9 centaur skeletons
  Terence (D:3)
  4 bullfrog skeletons
  13 orc wizards
  3 iguanas
  12 worker ants
  A killer bee zombie (D:8)
  A hound zombie (D:5)
  A hound skeleton (D:4)
  A mummy (D:7)
  2 howler monkey skeletons
  2 worker ant zombies
  Robin (D:2)
  16 adders
  5 shadow imps
  5 white imps
  5 ufetubi
  An ooze (D:6)
  4 adder zombies
  3 adder skeletons
  4 worms
  2 dart slugs
  4 leopard geckos
  62 orcs
  A ball python (D:4)
  A giant cockroach (D:4)
  13 goblins
  2 hobgoblins (D:2)
  4 jackals
  11 quokkas
  2 frilled lizards
  A jackal skeleton (D:7)
  A jackal zombie (D:5)
  10 kobolds
  A leopard gecko skeleton (D:4)
  3 quokka skeletons
  20 rats
  A lurking horror (Abyss:3)
  A starspawn tentacle (Abyss:3)
  A tentacle (Shoals:4)
974 creatures vanquished.

Vanquished Creatures (collateral kills)
  A Killer Klown (Zot:5)
  2 Orb Guardians (Zot:5)
  A storm dragon (Zot:5)
  2 nagarajas (Snake:4)
  A hydra (Lair:1)
  5 naga warriors
  A merfolk avatar (Shoals:2)
  2 naga sharpshooters (Snake:4)
  2 skeletal warriors (D:12)
  A sea snake (Shoals:2)
  A salamander (Snake:4)
  A water nymph (Shoals:2)
  2 naga magi (Snake:4)
  2 black mambas
  A merfolk (Shoals:2)
  12 nagas
  A water moccasin (Lair:1)
  An ice beast (D:15)
  A bullfrog zombie (D:12)
  A butterfly (Lair:1)
41 creatures vanquished.

Vanquished Creatures (others)
  An Orb Guardian (Depths:5)
  A ghost moth (Zot:4)
  A merfolk aquamancer (Shoals:2)
  A water nymph (Shoals:1)
  A snapping turtle (Shoals:1)
  A water elemental (Shoals:4)
  2 hogs (Shoals:1)
  2 hell hounds (D:14)
  A centaur (Shoals:1)
  2 demonic plants (Abyss:3)
  22 plants
  A starspawn tentacle (Abyss:3)
  8 tentacles (Shoals:4)
  4 withered plants (Lair:3)
48 creatures vanquished.

Grand Total: 1063 creatures vanquished

Notes
Turn   | Place    | Note
-------+----------+-------------------------------------------
     0 | D:1      | Flugslaktarn the Deep Dwarf Fighter began the quest for the
                  | Orb.
     0 | D:1      | Reached XP level 1. HP: 20/20 MP: 1/1
    96 | D:2      | Noticed Robin
    99 | D:2      | Reached XP level 2. HP: 17/27 MP: 2/2
   113 | D:2      | Killed Robin
   139 | D:2      | Reached XP level 3. HP: 24/34 MP: 3/3
   381 | D:3      | Noticed Terence
   411 | D:3      | Killed Terence
   411 | D:3      | Reached XP level 4. HP: 35/42 MP: 4/4
   519 | D:4      | Noticed Menkaure
   529 | D:4      | Killed Menkaure
   529 | D:4      | Reached skill level 4 in Shields
   529 | D:4      | Reached XP level 5. HP: 20/50 MP: 4/4
   590 | D:4      | Reached XP level 6. HP: 53/57 MP: 4/4
   675 | D:4      | Noticed Ijyb
   697 | D:4      | Killed Ijyb
   947 | D:4      | Reached skill level 5 in Axes
   947 | D:4      | Reached skill level 1 in Dodging
   947 | D:4      | Reached XP level 7. HP: 65/66 MP: 5/5
  1143 | D:5      | Entered Level 5 of the Dungeon
  1150 | D:5      | Found a radiant altar of Vehumet.
  1177 | D:5      | Reached skill level 5 in Fighting
  1523 | D:5      | Reached skill level 5 in Armour
  2071 | D:6      | Reached XP level 8. HP: 68/76 MP: 6/6
  2132 | D:6      | Found a burning altar of Makhleb.
  2132 | D:6      | Found a hazy altar of Hepliaklqana.
  2146 | D:6      | Became a worshipper of Makhleb the Destroyer
  2456 | D:6      | Reached skill level 1 in Evocations
  2459 | D:6      | Reached skill level 1 in Invocations
  2604 | D:6      | Found a staircase to the Ecumenical Temple.
  2758 | D:7      | Found a snail-covered altar of Cheibriados.
  3089 | D:7      | Reached * piety under Makhleb
  3325 | D:7      | Gained mutation: You passively map the area around you.
                  | [Deep Dwarf growth]
  3325 | D:7      | Reached XP level 9. HP: 58/85 MP: 6/6
  3496 | D:7      | Noticed Duvessa
  3496 | D:7      | Noticed Dowan
  3508 | D:7      | Killed Duvessa
  3515 | D:7      | Killed Dowan
  3732 | D:8      | Gained mutation: Your muscles are strong. (Str +2) [potion
                  | of mutation]
  3732 | D:8      | Gained mutation: You are partially covered in rugged brown
                  | scales. (AC +1, +3% HP) [potion of mutation]
  3886 | D:8      | Found a staircase to the Lair.
  4123 | D:8      | Noticed a cyan ugly thing
  4145 | D:8      | Killed a cyan ugly thing
  4169 | D:8      | Reached skill level 5 in Dodging
  4178 | D:8      | Reached ** piety under Makhleb
  4189 | D:8      | Reached XP level 10. HP: 57/98 MP: 0/7
  4943 | D:9      | Found a glowing silver altar of Zin.
  4982 | D:9      | Found the brooch of Shielding {Spirit SH+8}
  5087 | D:9      | Reached skill level 5 in Evocations
  5096 | D:9      | Reached *** piety under Makhleb
  5139 | D:9      | Reached skill level 5 in Invocations
  5347 | D:10     | Entered Level 10 of the Dungeon
  5540 | D:10     | Found a staircase to the Orcish Mines.
  5852 | D:10     | Noticed Maurice
  6043 | D:10     | Reached skill level 5 in Shields
  6207 | D:10     | Found a staircase to the Orcish Mines.
  6601 | D:10     | Killed Maurice
  6846 | D:10     | Found a staircase to the Orcish Mines.
  7394 | D:11     | Noticed a green ugly thing
  7396 | D:11     | Noticed a six-headed hydra
  7413 | D:11     | Killed a nine-headed hydra
  7413 | D:11     | Reached skill level 10 in Axes
  7415 | D:11     | Killed a green ugly thing
  7415 | D:11     | Reached XP level 11. HP: 103/107 MP: 0/9
  7467 | D:11     | Noticed Nergalle
  7473 | D:11     | Reached **** piety under Makhleb
  7481 | D:11     | Noticed a spectral orc warlord
  7487 | D:11     | Reached skill level 6 in Shields
  7519 | D:11     | Killed Nergalle
  8097 | D:11     | Noticed a deep troll earth mage
  8097 | D:11     | Noticed a tengu reaver
  8097 | D:11     | Noticed a centaur warrior
  8121 | D:11     | Killed a deep troll earth mage
  8121 | D:11     | Noticed a fire dragon
  8134 | D:11     | Killed a tengu reaver
  8139 | D:11     | Noticed a wolf spider
  8147 | D:11     | Killed a fire dragon
  8147 | D:11     | Reached skill level 7 in Shields
  8155 | D:11     | Killed a centaur warrior
  8160 | D:11     | Killed a wolf spider
  8421 | D:12     | Noticed a two-headed ogre
  8434 | D:12     | Killed a two-headed ogre
  8531 | D:12     | Noticed a frost giant
  8541 | D:12     | Reached XP level 12. HP: 91/119 MP: 0/11
  8558 | D:12     | Killed a frost giant
  8558 | D:12     | Reached skill level 8 in Shields
  8561 | D:12     | Reached skill level 10 in Fighting
  8601 | D:12     | Noticed an ettin
  8622 | D:12     | Killed an ettin
  8636 | D:12     | Noticed a centaur warrior
  8638 | D:12     | Noticed a deep elf annihilator
  8638 | D:12     | Noticed a storm dragon
  8652 | D:12     | Killed a centaur warrior
  8664 | D:12     | Killed a deep elf annihilator
  8676 | D:12     | Killed a storm dragon
  8676 | D:12     | Reached ***** piety under Makhleb
  8825 | D:12     | Reached skill level 9 in Shields
  8892 | D:12     | Found a flagged portal.
  8900 | Bailey   | Entered a bailey
  9730 | D:13     | Noticed a centaur warrior
  9740 | D:13     | Killed a centaur warrior
  9740 | D:13     | Reached XP level 13. HP: 110/127 MP: 0/9
  9815 | D:13     | Found a gate to the Vaults.
  9815 | D:13     | Noticed an ironheart preserver
  9839 | D:13     | Killed an ironheart preserver
 10243 | D:13     | Noticed Erolcha
 10269 | D:13     | Killed Erolcha
 10269 | D:13     | Reached skill level 10 in Shields
 10482 | D:14     | Found a sparkling altar of Nemelex Xobeh.
 10604 | D:14     | Noticed Azrael
 10639 | D:14     | Killed Azrael
 10719 | D:14     | Reached skill level 10 in Armour
 10968 | D:14     | Found a flickering gateway to a bazaar.
 10973 | Bazaar   | Entered a bazaar
 10975 | Bazaar   | Found Rarphumm's Distillery.
 10979 | Bazaar   | Found Otaoce's Gadget Boutique.
 10979 | Bazaar   | Found Nizakiq's Antique Armour Boutique.
 10980 | Bazaar   | Found Fyotanaf's Magic Scroll Boutique.
 10995 | Bazaar   | Bought a scroll of acquirement for 884 gold pieces
 10995 | Bazaar   | Acquired a manual of Shields
 11014 | Bazaar   | Bought a potion of haste for 130 gold pieces
 11014 | Bazaar   | Bought a potion of haste for 130 gold pieces
 11018 | Bazaar   | Bought a potion of mutation for 104 gold pieces
 11162 | D:15     | Entered Level 15 of the Dungeon
 11389 | D:15     | Reached skill level 11 in Shields
 11439 | D:15     | Reached skill level 10 in Evocations
 11440 | D:15     | Gained mutation: You resist negative energy. (rN+) [Deep
                  | Dwarf growth]
 11440 | D:15     | Reached XP level 14. HP: 139/139 MP: 0/10
 11481 | D:15     | Reached skill level 10 in Invocations
 11510 | D:15     | Found a staircase to the Depths.
 11601 | D:15     | Reached ****** piety under Makhleb
 11880 | D:15     | Found a stormy altar of Qazlal.
 12744 | Lair:1   | Entered Level 1 of the Lair of Beasts
 12747 | Lair:1   | Found a runed translucent door.
 12747 | Lair:1   | Noticed qborf's ghost (journeyman OpCj)
 12858 | Lair:2   | Reached skill level 12 in Shields
 13694 | Lair:3   | Got an ichor-stained plate armour
 13705 | Lair:3   | Identified the +4 plate armour of Dyte {rPois rC++ Slay-6}
                  | (You found it on level 3 of the Lair of Beasts)
 13789 | Lair:3   | Found a runed translucent gate.
 13789 | Lair:3   | Found a runed translucent gate.
 13789 | Lair:3   | Found a runed translucent gate.
 13857 | Lair:3   | Found a staircase to the Snake Pit.
 14072 | Lair:3   | Found a staircase to the Shoals.
 14327 | Lair:3   | Noticed Bathrag's ghost (journeyman DsWn)
 14327 | Lair:3   | Noticed Wuut Fui's ghost (journeyman DECj)
 14424 | Shoals:1 | Entered Level 1 of the Shoals
 14424 | Shoals:1 | Noticed Nikola
 14457 | Shoals:1 | Noticed Kirke
 14470 | Shoals:1 | Killed Kirke
 14486 | Shoals:1 | Killed Nikola
 14587 | Shoals:1 | Reached skill level 13 in Shields
 14683 | Shoals:2 | Noticed Ilsuiw
 14737 | Shoals:2 | Killed Ilsuiw
 15056 | Shoals:3 | Noticed Mara
 15102 | Shoals:2 | Got a transparent war axe
 15103 | Shoals:2 | Identified the +4 war axe of Tortfeasance {freeze, Int+2}
                  | (You found it on level 2 of the Shoals)
 15115 | Shoals:3 | Noticed Flugslaktarn's illusion
 15116 | Shoals:3 | Reached XP level 15. HP: 94/150 MP: 0/6
 15124 | Shoals:3 | Noticed Flugslaktarn's illusion
 15133 | Shoals:3 | Killed Mara
 15133 | Shoals:3 | Reached skill level 14 in Shields
 15168 | Shoals:3 | Found a runed translucent door.
 15240 | Shoals:4 | Entered Level 4 of the Shoals
 15499 | Shoals:4 | Reached skill level 15 in Axes
 15551 | Shoals:4 | Reached skill level 15 in Shields
 16098 | Shoals:4 | Got a barnacled rune of Zot
 16258 | Snake:1  | Entered Level 1 of the Snake Pit
 16290 | Snake:1  | Found Qiafue's Gadget Shoppe.
 16395 | Snake:1  | Found Wam Joed's Armour Shoppe.
 16402 | Snake:2  | Found Jiopp's Antique Armour Boutique.
 16430 | Snake:2  | Reached skill level 16 in Shields
 16430 | Snake:2  | Reached XP level 16. HP: 95/161 MP: 0/8
 16488 | Snake:2  | Found Axerch's Gadget Emporium.
 16538 | Snake:2  | Found Aret's Antique Weapon Emporium.
 16544 | Snake:2  | Bought an ebony broad axe for 252 gold pieces
 16544 | Snake:2  | Identified the +9 broad axe of Usalacen {freeze, *Drain
                  | +Fly Str+2} (You bought it in a shop on level 2 of the
                  | Snake Pit)
 16860 | Snake:3  | Found a runed translucent door.
 17012 | Snake:4  | Entered Level 4 of the Snake Pit
 17050 | Snake:4  | Reached skill level 17 in Shields
 17209 | Snake:4  | Got a serpentine rune of Zot
 17649 | Depths:1 | Entered Level 1 of the Depths
 17810 | Depths:2 | Reached XP level 17. HP: 173/173 MP: 0/8
 18011 | Depths:3 | You fall into a shaft and drop 2 floors!
 18011 | Depths:5 | Entered Level 5 of the Depths
 18041 | Depths:5 | Noticed a caustic shrike
 18041 | Depths:5 | Noticed a caustic shrike
 18042 | Depths:5 | Noticed a caustic shrike
 18043 | Depths:5 | Noticed a caustic shrike
 18044 | Depths:5 | Noticed a caustic shrike
 18079 | Depths:4 | Found a gateway to Hell.
 18163 | Depths:3 | Found a one-way gate to the infinite horrors of the Abyss.
 18163 | Depths:3 | Found a one-way gate leading to the halls of Pandemonium.
 18228 | Depths:3 | Voluntarily entered the Abyss.
 18283 | Abyss:1  | Found an ornate altar of the Wu Jian Council.
 18345 | Abyss:2  | Gained mutation: Scrolls take you a little longer to read.
                  | [a neqoxec]
 18350 | Abyss:2  | Gained mutation: You are dopey. (Int -2) [a neqoxec]
 18396 | Abyss:2  | Found a corrupted altar of Lugonu.
 18406 | Abyss:2  | Found a corrupted altar of Lugonu.
 18509 | Abyss:3  | Reached skill level 15 in Fighting
 18746 | Abyss:3  | Noticed a Hell Sentinel
 18765 | Abyss:3  | Killed a Hell Sentinel
 18766 | Abyss:3  | Found a transporter.
 18770 | Abyss:3  | Found a transporter.
 18771 | Abyss:3  | Got an abyssal rune of Zot
 18783 | Depths:3 | Escaped the Abyss
 18804 | Depths:5 | Gained mutation: You passively map a large area around you.
                  | [Deep Dwarf growth]
 18804 | Depths:5 | Reached XP level 18. HP: 153/183 MP: 0/10
 18830 | Depths:4 | Noticed Louise
 18831 | Depths:4 | Noticed a golden dragon
 18838 | Depths:4 | Noticed a golden dragon
 18844 | Depths:4 | Noticed a lich
 18858 | Depths:4 | Killed a golden dragon
 18858 | Depths:4 | Reached skill level 18 in Shields
 18859 | Depths:4 | Killed Louise
 18861 | Depths:4 | Killed a golden dragon
 18862 | Depths:4 | Killed a lich
 18984 | Depths:5 | Found a gateway to a ziggurat.
 19005 | Depths:5 | Killed a caustic shrike
 19005 | Depths:5 | Killed a caustic shrike
 19006 | Depths:5 | Killed a caustic shrike
 19009 | Depths:5 | Killed a caustic shrike
 19010 | Depths:5 | Killed a caustic shrike
 19254 | Depths:5 | Noticed a bone dragon
 19298 | Depths:5 | Killed a bone dragon
 19350 | Depths:5 | Reached skill level 15 in Invocations
 19370 | Depths:5 | Reached XP level 19. HP: 185/193 MP: 0/10
 19372 | Depths:5 | Noticed a golden dragon
 19398 | Depths:5 | Killed a golden dragon
 19425 | Depths:5 | Noticed a bone dragon
 19454 | Depths:5 | Killed a bone dragon
 19459 | Depths:5 | Found a gate to the Realm of Zot.
 19464 | Zot:1    | Entered Level 1 of the Realm of Zot
 19510 | Zot:2    | Lost mutation: Scrolls take you a little longer to read.
                  | [potion of mutation]
 19510 | Zot:2    | Lost mutation: You are dopey. (Int -2) [potion of mutation]
 19510 | Zot:2    | Lost mutation: Your muscles are strong. (Str +2) [potion of
                  | mutation]
 19510 | Zot:2    | Gained mutation: Your spells are a little easier to cast,
                  | but a little less powerful. [potion of mutation]
 19510 | Zot:2    | Lost mutation: You are partially covered in rugged brown
                  | scales. (AC +1, +3% HP) [potion of mutation]
 19510 | Zot:2    | Gained mutation: You have large cloven feet. [potion of
                  | mutation]
 19510 | Zot:2    | Gained mutation: You are robust. (+10% HP) [potion of
                  | mutation]
 19630 | Zot:3    | Noticed a curse toe
 19631 | Zot:3    | Noticed a Killer Klown
 19640 | Zot:3    | Killed a Killer Klown
 19640 | Zot:3    | Reached skill level 10 in Dodging
 19644 | Zot:3    | Killed a curse toe
 19821 | Zot:5    | Entered Level 5 of the Realm of Zot
 19874 | Zot:5    | Noticed a curse toe
 19893 | Zot:5    | Reached skill level 19 in Shields
 19899 | Zot:5    | Noticed a Killer Klown
 19903 | Zot:5    | Noticed an ancient lich
 19906 | Zot:5    | Killed a curse toe
 19913 | Zot:5    | Noticed a Killer Klown
 19915 | Zot:5    | Noticed a Killer Klown
 19916 | Zot:5    | Noticed an ancient lich
 19916 | Zot:5    | Killed a Killer Klown
 19916 | Zot:5    | Noticed an orb of fire
 19917 | Zot:5    | Noticed a Killer Klown
 19921 | Zot:5    | Killed an ancient lich
 19921 | Zot:5    | Reached skill level 15 in Armour
 19925 | Zot:5    | Noticed an electric golem
 19946 | Zot:5    | Reached XP level 20. HP: 183/221 MP: 0/10
 19955 | Zot:5    | Lost mutation: You are robust. (+10% HP) [an orb of fire]
 19958 | Zot:5    | Killed a Killer Klown
 19958 | Zot:5    | Killed a Killer Klown
 19959 | Zot:5    | Killed an ancient lich
 19977 | Zot:5    | Killed an orb of fire
 19987 | Zot:5    | Killed a Killer Klown
 20055 | Zot:5    | Noticed a Killer Klown
 20057 | Zot:5    | Noticed an orb of fire
 20059 | Zot:5    | Noticed an orb of fire
 20061 | Zot:5    | Noticed a Killer Klown
 20067 | Zot:5    | Gained mutation: You have supernaturally acute eyesight.
                  | (SInv) [an orb of fire]
 20069 | Zot:5    | Noticed an ancient lich
 20071 | Zot:5    | Noticed a Killer Klown
 20072 | Zot:5    | Noticed a golden dragon
 20073 | Zot:5    | Gained mutation: You are weak. (Str -2) [an orb of fire]
 20074 | Zot:5    | Killed an orb of fire
 20075 | Zot:5    | Killed a Killer Klown
 20075 | Zot:5    | Noticed an ancient lich
 20076 | Zot:5    | Noticed a Killer Klown
 20078 | Zot:5    | Noticed an ancient lich
 20079 | Zot:5    | Paralysed by an ancient lich for 5 turns
 20079 | Zot:5    | Noticed an ancient lich
 20088 | Zot:5    | Got the Orb of Zot
 20149 | Zot:4    | Noticed Asuf the pandemonium lord
 20298 | Depths:5 | Noticed Itoha the pandemonium lord
 20305 | Depths:5 | HP: 8/206 [Itoha the pandemonium lord/bolt of acid (8)]
 20305 | Depths:5 | Splashed by Itoha the pandemonium lord's acid

Illustrated notes

Levels and vault maps discovered:
D:1:      ebering_trefoil_twist, layout_basic, minmay_pentomino_r4
D:2:      layout_basic, uniq_robin
D:3:      layout_basic, uniq_terence
D:4:      layout_cave_pools, minmay_rat_hole, uniq_menkaure, uniq_ijyb
D:5:      layout_gridville, old_standard_altar, serial_bayou_crossing
D:6:      layout_loops_ring, chequers_temple_overflow_statue_of_worship,
          minmay_temple_entry_purple_smoke
D:7:      layout_cave_pods, slow_altar_1, uniq_duvessa
D:8:      minmay_bloctagon, layout_loops_ring, erik_lair_dragon
D:9:      layout_roguey, nicolae_overflow_crystal_walls
D:10:     layout_irregular_city, erik_orc_3, uniq_maurice
D:11:     minmay_glassy_protrusions, layout_gridville, water_boxes_lemuel,
          uniq_nergalle
D:12:     thingy_vault, layout_rooms, enter_bailey_3, david_greed
D:13:     layout_loops_ring, skrybe_vaults_entry_preservation, uniq_erolcha
D:14:     layout_long_grid, serial_shops, bzr_entry_road, minmay_fountain_box,
          minmay_misc_feat_five, nemelex_xobeh_ov_fountains_minmay, uniq_azrael
D:15:     grunt_enter_depths_magical_seal, layout_layer_cave,
          gauntlet_entry_generic, nicolae_qazlal_eye_of_the_storm
Lair:1:   layout_small_grid, gammafunk_ghost_grave,
          chequers_serial_rivers_room_a, serial_bayou_shore_b,
          lemuel_fruit_fields
Lair:2:   layout_regular_city
Lair:3:   layout_roguey, elwin_shoals_entry_rocks, dummy_snake_entry,
          gammafunk_ghost_cemetery
Shoals:1: layout_shoals, ldierk_geyser, centaur_isle, uniq_kirke, uniq_nikola
Shoals:2: layout_shoals, uniq_ilsuiw
Shoals:3: layout_shoals, ebering_ghost_xom, uniq_mara
Shoals:4: shoals_end_grunt_ice, layout_shoals
Snake:1:  layout_chambers, serial_shops, shop, shop, nicolae_shop_stone,
          nicolae_shop_stone
Snake:2:  layout_grid_maze, serial_shops, nicolae_shop_crystal,
          nicolae_shop_overgrown_old_shop, shop, nicolae_shop_statue_plus
Snake:3:  cheibrodos_toxic_ritual, layout_misc_corridors, drop_trap,
          nicolae_coiled_stairwell_down
Snake:4:  minmay_snake_end_coiled, layout_misc_corridors, serial_shops, shop,
          grunt_megastairs_2, serial_bayou_shore_b, uniq_aizul
Depths:1: layout_small_grid, lightli_too_deep, rand_demon_pan_entry_3,
          serial_sigils, serial_sigils_hangedman_carve,
          serial_sigils_hangedman_scar, serial_sigils_hangedman_gut,
          serial_sigils_hangedman_stare, minmay_fire_ice_demons,
          minmay_shop_grove
Depths:2: minmay_blocking_statues, layout_cave_pools, hell_entry,
          serial_sigils_hangedman_etch, rand_demon_pan_entry_7,
          kennysheep_big_empty_room, grunt_ministairs_10, uniq_asterion
Depths:3: hangedman_pleasuredromes, hell_entry, pan_entry, abyss_entry
Depths:4: hangedman_cross_veins, layout_gridville,
          nicolae_abyss_entry_one_way_or_another, grunt_pan_entry_zigzag,
          hell_entry, firewood_loft, minmay_staircase_statues
Depths:5: grunt_zot_entry_pinwheel, layout_cave_pools, enter_ziggurat_e,
          hell_entry, minmay_shoptagon
Zot:1:    layout_gridlike
Zot:2:    layout_misc_corridors, st_stairs_10
Zot:3:    layout_onion_interference, grunt_megastairs_5
Zot:4:    layout_concentric_octagons
Zot:5:    layout_misc_corridors, nicolae_zot_crop_circle

Skill      XL: |  1  2  3  4  5  6  7  8  9 10 11 12 13 14 15 16 17 18 19 20 |
---------------+-------------------------------------------------------------+-----
Fighting       | 3 4 5 6 7 8 9 10 11 12 13 14 15 16 17 18 | 18.7
Axes           | 3 4 5 6 7 8 10 11 12 13 14 15 16 17 18 | 18.0
Armour         | 4 5 6 7 8 9 10 11 12 13 15 16 | 16.1
Shields        | 4 5 7 9 11 13 16 17 18 19 | 19.9
Dodging        | 1 2 3 5 7 9 11 | 11.0
Evocations     | 2 4 5 7 8 10 | 10.0
Invocations    | 2 4 5 7 8 9 11 12 13 14 15 | 15.0

Action                   |  1- 3 |  4- 6 |  7- 9 | 10-12 | 13-15 | 16-18 | 19-21 || total
-------------------------+-------+-------+-------+-------+-------+-------+-------++-------
Melee: War axe           |    84 |   114 |   489 |   890 |  1214 |    24 |       ||  2815
       Broad axe         |       |       |       |       |   404 |   908 |   414 ||  1726
       Unarmed           |       |       |       |       |     2 |       |       ||     2
Invok: Lesser Servant of |       |       |       |     6 |     9 |     1 |       ||    16
       Greater Servant o |       |       |       |       |     1 |     4 |     4 ||     9
 Abil: Heal Wounds       |     2 |     5 |    13 |    18 |    35 |    10 |    18 ||   101
Evoke: Wand              |       |       |       |    17 |    12 |       |     1 ||    30
       Condenser vane    |       |       |       |     3 |     3 |     3 |     2 ||    11
       Tin of tremorston |       |       |       |       |       |     2 |     2 ||     4
  Use: Scroll            |       |       |    10 |     6 |     7 |     7 |    13 ||    43
       Potion            |       |       |     7 |     4 |     7 |     2 |     4 ||    24
 Stab: Paralysed         |       |       |       |    15 |     8 |       |       ||    23
       Distracted        |       |       |       |     5 |     1 |     5 |     2 ||    13
       Petrified         |       |       |       |       |    20 |       |       ||    20
       Petrifying        |       |       |       |       |     3 |       |       ||     3
Armor: Scale mail        |    33 |    47 |    88 |       |       |       |       ||   168
       Plate armour      |       |       |    84 |   405 |   950 |   333 |       ||  1772
       Gold dragon scale |       |       |       |       |       |    58 |   240 ||   298
Dodge: Dodged            |    22 |    36 |   105 |   117 |   306 |   260 |   146 ||   992
Block: Kite shield       |    39 |    67 |   421 |    11 |       |       |       ||   538
       Reflection        |       |       |     3 |     1 |       |       |       ||     4
       Tower shield      |       |       |       |  1219 |  2553 |  1484 |   627 ||  5883
       Other             |       |       |       |       |     3 |       |       ||     3

Table legend: (Time is in decaauts)
 A = Elapsed time spent in this place.
 B = Non-inter-level travel time spent in this place.
 C = Inter-level travel time spent in this place.
 D = Time resting spent in this place.
 E = Time spent auto-exploring this place.
 F = Levels seen in this place.
 G = Mean time per level.
                   A        B        C        D        E       F      G
               +--------+--------+--------+--------+--------+-----+--------+
         Total |  20270 |  18660 |   1610 |    714 |  10464 |  41 |  494.4 |
       Dungeon |  12899 |  11991 |    908 |    359 |   7812 |  15 |  859.9 |
          Lair |   1761 |   1629 |    132 |      0 |   1337 |   3 |  587.0 |
        Shoals |   1795 |   1676 |    119 |    177 |    419 |   4 |  448.8 |
     Snake Pit |   1078 |    859 |    219 |      0 |    332 |   4 |  269.5 |
        Depths |   1189 |   1105 |     84 |    147 |    124 |   5 |  237.8 |
           Zot |    684 |    538 |    146 |     31 |     52 |   5 |  136.8 |
         Abyss |    520 |    520 |      0 |      0 |    288 |   3 |  173.3 |
        Bazaar |     62 |     62 |      0 |      0 |     29 |   1 |   62.0 |
        Bailey |    277 |    277 |      0 |      0 |     70 |   1 |  277.0 |
               +--------+--------+--------+--------+--------+-----+--------+

Top non-repeatable levels by time:
    D:10: 2093 daAuts
    D:15: 1389 daAuts
     D:8: 1287 daAuts
    D:11: 1118 daAuts
     D:7: 954 daAuts
     D:5: 944 daAuts
    D:12: 925 daAuts
  Lair:3: 900 daAuts
Shoals:4: 884 daAuts
    D:14: 788 daAuts
    D:13: 782 daAuts
  Lair:2: 733 daAuts
     D:9: 708 daAuts
     D:4: 692 daAuts
     D:6: 676 daAuts
